 Dungeon Crawl Stone Soup version 0.20.1-1-g8b1a95d (webtiles) character file.

50 wolfsongas the Skirmisher (level 3, 0/31 HPs)
             Began as a Draconian Fighter on Aug 1, 2017.
             Slain by a goblin
             ... wielding a +0 dagger
             ... led by Robin
              (6 damage)
             ... on level 2 of the Dungeon.
             The game lasted 00:03:39 (1047 turns).

wolfsongas the Skirmisher (Draconian Fighter)       Turns: 1047, Time: 00:03:39

Health: 0/31       AC:  0    Str: 19    XL:     3   Next: 55%
Magic:  3/3        EV: 21    Int:  8    God:
Gold:   53         SH:  0    Dex: 15    Spells: 2/2 levels left

rFire    . . .     SeeInvis .   (weapon currently unavailable)
rCold    . . .     Gourm    .   (shield currently unavailable)
rNeg     . . .     Faith    .   (armour unavailable)
rPois    .         Spirit   .   (helmet currently unavailable)
rElec    .         Reflect  .   (cloak currently unavailable)
rCorr    .         Harm     .   (gloves currently unavailable)
MR       .....                  (boots currently unavailable)
Stlth    +.........             (no amulet)
Regen    0.1/turn               (ring currently unavailable)
MPRegen  0.1/turn               (ring currently unavailable)

@: lethally poisoned (0 -> -3), bat-form (expiring), flying, very quick
A: unfitting armour, MP-powered wands, AC +5
a: no special abilities


You were on level 2 of the Dungeon.
You were hungry.
You were in bat-form.
You visited 1 branch of the dungeon, and saw 2 of its levels.

You collected 53 gold pieces.

Inventory:

Hand Weapons
 a - a +0 war axe (melded)
Armour
 b - a +0 shield (melded)
Potions
 c - a potion of might
 e - a potion of curing
Comestibles
 d - a bread ration
 f - a meat ration


   Skills:
 - Level 3.6 Fighting
 * Level 2.7 Axes
 - Level 3.2 Dodging
 - Level 3.3 Shields


You had 2 spell levels left.
You didn't know any spells.

Dungeon Overview and Level Annotations

Branches:
Dungeon (2/15)

Altars:
Ashenzari
Trog

Annotations:
D:2 Robin


Innate Abilities, Weirdness & Mutations

((Your plain brown scales are hard. (AC +5)))
You cannot fit into any form of body armour.
((You are cold-blooded and may be slowed by cold attacks.))
((You have a pair of small antennae on your head.))
((Your tail ends in a poisonous barb.))
You expend magic power (3 MP) to strengthen your wands.


Message History

The goblin misses you.
A hobgoblin comes into view.
The hobgoblin shouts!
You hit Robin but do no damage.
Robin is lightly wounded.
The goblin closely misses you. The goblin completely misses you.
Robin roars a battlecry!
The goblins go into a battle-frenzy!
You hit Robin but do no damage.
Robin is lightly wounded.
The goblin closely misses you. The hobgoblin hits you with a club.
* * * LOW HITPOINT WARNING * * *
The goblin completely misses you. The goblin misses you.
Robin roars a battlecry!
The hobgoblin goes into a battle-frenzy!
You hit Robin but do no damage.
Robin is lightly wounded.
You feel sick. The goblin misses you. The hobgoblin barely misses you.
The goblin hits you with a dagger.
You die...

############
#..........# #.........#
#..###.#..# ###..#...#
.# #.ggg#...# ..
#.#b##...####..
###..#gg#.'##.⌠# .# #...
#ggg.g....# .
#..####g.......#
#.#...........#...#
####.#.†.'..._...+...+
#........#.(.....# ..#
#...)####..(...).#####.g
#....................ggg


You could see Robin, 4 hobgoblins and 4 goblins.

Vanquished Creatures
  4 bats
  3 giant cockroaches
  6 goblins
  6 hobgoblins
  6 jackals
  3 frilled lizards
  9 kobolds
  5 rats
42 creatures vanquished.

Notes
Turn   | Place    | Note
-------+----------+-------------------------------------------
     0 | D:1      | wolfsongas the Draconian Fighter began the quest for the Orb.
     0 | D:1      | Reached XP level 1. HP: 19/19 MP: 1/1
   158 | D:1      | Reached XP level 2. HP: 21/26 MP: 2/2
   467 | D:1      | Gained mutation: Your tail ends in a poisonous barb. [potion of mutation]
   467 | D:1      | Gained mutation: You expend magic power (3 MP) to strengthen your wands. [potion of mutation]
   467 | D:1      | Gained mutation: You have a pair of small antennae on your head. [potion of mutation]
   779 | D:2      | Found a bloodstained altar of Trog.
   781 | D:2      | Reached XP level 3. HP: 31/31 MP: 3/3
   993 | D:2      | Found a shattered altar of Ashenzari.
  1008 | D:2      | Noticed Robin
  1047 | D:2      | Slain by a goblin

Skill      XL: |  1  2 |
---------------+-------+-----
Dodging        | 3 |  3.2
Fighting       | |  3.6
Axes           | |  2.7
Shields        | |  3.3

Action                   || total
-------------------------++-------
Melee: War axe           ||   109
       Tailslap          ||     8
       Unarmed           ||     5
  Use: Potion            ||     4
       Scroll            ||     8
Armor: Skin              ||    37
Dodge: Dodged            ||    61
Block: Shield            ||    64
